 Dungeon Crawl Stone Soup version 0.30-a0-373-gd37427bb62 (webtiles) character file.

Game seed: 9098198711336299266

2596 Pooter the Cleaver (level 9, -2/121 HPs)
             Began as a Minotaur Berserker on Nov 23, 2022.
             Was a High Priest of Trog.
             Slain by a two-headed ogre
             ... wielding a +0 giant spiked club
              (18 damage)
             ... on level 7 of the Dungeon.
             The game lasted 00:37:58 (6397 turns).

Pooter the Cleaver (Minotaur Berserker)             Turns: 6397, Time: 00:37:59

Health: -2/121     AC: 14    Str: 24    XL:     9   Next: 33%
Magic:  8/8        EV:  7    Int:  6    God:    Trog [*****.]
Gold:   35         SH:  5    Dex: 10    Spells: 8/8 levels left

rFire   . . .      SeeInvis .    a - +2 battleaxe (flame)
rCold   . . .      Faith    .    (shield currently unavailable)
rNeg    . . .      Spirit   .    o - +3 plate armour
rPois   .          Reflect  +    c - +0 hat
rElec   .          Harm     +    E - scarf {harm}
rCorr   .          Rampage  .    (no gloves)
Will    ++...                    (no boots)
Stlth   ..........               L - amulet of reflection
HPRegen 1.40/turn                (no ring)
MPRegen 0.11/turn                (no ring)

@: berserking, strong-willed, regenerating, studying Throwing, very quick
A: horns 2, retaliatory headbutt
a: Renounce Religion, Berserk, Trog's Hand, Brothers in Arms


You were on level 7 of the Dungeon.
You worshipped Trog.
Trog was extremely pleased with you.
You visited 1 branch of the dungeon, and saw 7 of its levels.
You also visited: Sewer and Ossuary.

You collected 395 gold pieces.
You spent 360 gold pieces at shops.

Inventory:

Hand Weapons
 a - a +2 battleaxe of flaming (weapon)
   (You found it on level 2 of the Dungeon)
 b - a +0 sling
   (You found it on level 3 of the Dungeon)
 F - a +0 vorpal dire flail
   (You took it off a two-headed ogre on level 5 of the Dungeon)
 H - a +3 war axe
   (You took it off a wight on level 6 of the Dungeon)
 I - a +3 trident of freezing
   (You took it off a wight on level 6 of the Dungeon)
Missiles
 p - 23 poisoned darts
 J - 4 boomerangs (quivered)
 Q - 81 stones
Armour
 c - a +0 hat (worn)
   (You found it on level 2 of the Dungeon)
 o - a +3 plate armour (worn)
   (You found it on level 1 of the Dungeon)
 E - a scarf of harm (worn)
   (You found it on level 4 of the Dungeon)
Jewellery
 L - an amulet of reflection (around neck)
   (You bought it in a shop on level 3 of the Dungeon)
Wands
 f - a wand of flame (25)
   (You found it on level 2 of the Dungeon)
 G - a wand of charming (15)
   (You found it on level 4 of the Dungeon)
Scrolls
 d - 3 scrolls of poison {!r}
 k - 2 scrolls of immolation {!r}
 m - a scroll of vulnerability {!r}
 n - 2 scrolls of torment {!r}
 s - 3 scrolls of blinking
 t - 5 scrolls of teleportation {@r4}
 u - a scroll of fear
 z - a scroll of silence
 C - 2 scrolls of noise {!r}
 D - a scroll of summoning
 K - a scroll of brand weapon
Potions
 e - 4 potions of flight
 g - a potion of ambrosia {unknown}
 h - 5 potions of curing {@q1}
 j - 3 potions of resistance
 l - 3 potions of haste {@q3}
 q - 3 potions of attraction {!q}
 r - a potion of mutation {unknown}
 v - 3 potions of cancellation
 w - a potion of invisibility {unknown}
 x - 2 potions of might
 A - 2 potions of heal wounds {@q2}
 B - a potion of magic {unknown}


   Skills:
 + Level 8.2 Fighting
 * Level 11.1 Axes
 + Level 7.6 Throwing
 - Level 2.4 Armour
 - Level 2.1 Dodging
 + Level 3.5 Evocations


You had 8 spell levels left.
You didn't know any spells.
Your spell library was empty.

Dungeon Overview and Level Annotations

Branches:
Dungeon (7/15)             Temple (0/1) D:7           Sewer (visited)
Ossuary (visited)

Altars:
Vehumet

Shops:
D:3 =*[=


Innate Abilities, Weirdness & Mutations

You have a pair of horns on your head.
You reflexively headbutt those who attack you in melee.


Message History

a +0 hand axe; a +0 leather armour; an orc skeleton
Found a scroll of identify.
i - a scroll of identify {@r1}
L - an amulet of reflection (around neck)
As you read the scroll of identify {@r1}, it crumbles to dust.
v - 3 potions of cancellation
As you read the scroll labelled SIRHYR WUXKOR, it crumbles to dust.
It is a scroll of brand weapon.
Your +2 battleaxe emits a brilliant flash of light!
a - a +2 vorpal battleaxe (weapon)
As you read the scroll of brand weapon, it crumbles to dust.
Your +2 vorpal battleaxe is engulfed in flames!
a - a +2 battleaxe of flaming (weapon)
Done exploring.
There is a stone staircase leading down here.
You climb downwards.
You hear the roar of battle.
There is an entrance to a bailey on this level.
Hurry and find it before the portal closes forever!
Found a stone staircase leading up.
There is a stone staircase leading up here.
As you read the scroll of magic mapping, it crumbles to dust.
You feel aware of your surroundings.
You sensed 1 shop/portal.
Found a scroll of identify.
Found a leather armour.
i - a scroll of identify {@r1}
As you read the scroll of identify {@r1}, it crumbles to dust.
x - 2 potions of might A two-headed ogre comes into view.
It is wielding two +0 giant spiked clubs.
The two-headed ogre shouts in stereo!
You hear a shout!
A goblin comes into view. It is wielding a +0 spear.
The goblin shouts!
Your skin crawls.
You feel strong-willed.
You hit the two-headed ogre but do no damage.
You headbutt the two-headed ogre!
The two-headed ogre hits you with a +0 giant spiked club!
The two-headed ogre barely misses you.
You barely miss the two-headed ogre. You headbutt the two-headed ogre!
You hit the two-headed ogre. You burn the two-headed ogre.
The two-headed ogre hits you with a +0 giant spiked club!!
* * * LOW HITPOINT WARNING * * *
The two-headed ogre hits you with a +0 giant spiked club!!
* * * LOW HITPOINT WARNING * * *
The goblin barely misses you.
A red film seems to cover your vision as you go berserk!
You feel yourself moving faster!
You feel mighty!
An ufetubus comes into view.
The goblin hits you but does no damage.
The two-headed ogre hits you with a +0 giant spiked club!
You die...

,,,,,,,,................,,,,,***
,,,,,,>,......5.........,,,,,,,*
,,,,,,,,...............#,,,***,**
,,,,,,,,...............#,,**,,,,,
,,,,,,,,................,,*,,,,,,
,,,,,,,,#..[............,,,,,,,,,
,,,,,,,,*#..##..g......#,,,,,,,,,
,,,,,,,,*#......O......#*,,,,,8,,
,,*,,.,,*##.....@.......,,,,,,,,,
,,**,..,**#.........##..,,,,,,,,,
,**,,*#.,*##.........#*#,,*,,,,,,
**,,,*#..**#..........#****,,,,,,
***,**#...###.#.##.#....,,,,**,,,
*,,,,*##......########..,,,,***,,
,,*,,,.....#.....### *..,,,,,,**,
,,***,..#.##.......# **,,,,,,****
,,***,,*##...##...##**,,,,,,**


You could see a two-headed ogre, an ufetubus (wandering) and a goblin.

Vanquished Creatures
  A two-headed ogre (D:5)
  Duvessa (D:4)
  An ice beast (D:5)
  3 black bears
  A wight (D:6)
  2 vampire bats (D:5)
  A howler monkey (D:6)
  4 centaur zombies (Ossuary)
  A human zombie (Ossuary)
  5 orc priests
  3 hounds (D:5)
  2 iguanas (D:5)
  Jessica (D:3)
  Ijyb (D:4)
  Terence (D:3)
  3 orc wizards
  An ogre zombie (Ossuary)
  8 mummies
  Robin (D:4)
  8 adders
  6 river rats (Sewer)
  A shadow imp (D:6)
  2 white imps (D:6)
  An ufetubus (D:5)
  5 adder zombies (Ossuary)
  6 worms
  3 dart slugs
  17 orcs
  20 bats
  14 endoplasms
  9 giant cockroaches
  21 goblins
  8 hobgoblins
  15 jackals
  13 kobolds
  13 quokkas
  20 ball pythons
  5 frilled lizards
  A goblin zombie (Ossuary)
  A hobgoblin zombie (Ossuary)
  4 kobold zombies (Ossuary)
  A quokka zombie (Ossuary)
  3 rats (D:1)
  2 rat zombies (Ossuary)
240 creatures vanquished.

Vanquished Creatures (collateral kills)
  An orc warrior (D:6)
  3 wights (D:6)
  An orc (D:6)
5 creatures vanquished.

Vanquished Creatures (others)
  Dowan (D:4)
  A hound (D:5)
2 creatures vanquished.

Grand Total: 247 creatures vanquished

Notes
Turn   | Place    | Note
-------+----------+-------------------------------------------
     0 | D:1      | Pooter the Minotaur Berserker began the quest for the Orb.
     0 | D:1      | Reached XP level 1. HP: 19/19 MP: 0/0
   177 | D:1      | Reached skill level 4 in Axes
   188 | D:1      | Reached XP level 2. HP: 24/27 MP: 1/1
   425 | D:1      | Reached ** piety under Trog
   432 | D:1      | Reached XP level 3. HP: 32/33 MP: 2/2
   704 | D:2      | Reached skill level 5 in Axes
   907 | D:2      | Reached XP level 4. HP: 41/41 MP: 3/3
  1208 | D:2      | Found a faded altar of an unknown god.
  1857 | D:3      | Found Guir's General Store.
  1905 | D:3      | Bought a scroll of identify for 24 gold pieces
  1905 | D:3      | Bought a potion of curing for 36 gold pieces
  1946 | D:3      | Found Finiytask's Jewellery Shoppe.
  1971 | D:3      | Noticed Terence
  1977 | D:3      | Killed Terence
  1979 | D:3      | Reached *** piety under Trog
  1980 | D:3      | Reached skill level 6 in Axes
  2045 | D:3      | Reached XP level 5. HP: 47/47 MP: 4/4
  2185 | D:3      | Found a radiant altar of Vehumet.
  2186 | D:3      | Noticed Jessica
  2192 | D:3      | Killed Jessica
  2193 | D:3      | Reached skill level 5 in Fighting
  2259 | D:3      | Found Fuilais's Armour Emporium.
  2296 | D:3      | Found Fyr Kasy's Jewellery Shop.
  2453 | D:3      | Reached skill level 1 in Throwing
  2826 | D:4      | Noticed a black bear
  2830 | D:4      | Killed a black bear
  2831 | D:4      | Reached skill level 7 in Axes
  2831 | D:4      | Reached XP level 6. HP: 54/56 MP: 5/5
  2870 | D:4      | Found a sand-covered staircase.
  2881 | Ossuary  | Entered an ossuary
  3016 | Ossuary  | Reached XP level 7. HP: 62/62 MP: 6/6
  3116 | Ossuary  | Reached skill level 8 in Axes
  3177 | D:4      | Found a glowing drain.
  3195 | Sewer    | Entered a sewer
  3284 | Sewer    | Reached **** piety under Trog
  4370 | D:4      | Noticed Ijyb
  4379 | D:4      | Killed Ijyb
  4400 | D:4      | Noticed Robin
  4408 | D:4      | Reached ***** piety under Trog
  4411 | D:4      | Killed Robin
  4714 | D:4      | Noticed Duvessa
  4714 | D:4      | Noticed Dowan
  4725 | D:4      | Your ally Dowan died
  4730 | D:4      | Killed Duvessa
  4731 | D:4      | Reached skill level 9 in Axes
  4731 | D:4      | Reached skill level 5 in Throwing
  4731 | D:4      | Reached XP level 8. HP: 70/71 MP: 7/7
  5013 | D:5      | Entered Level 5 of the Dungeon
  5050 | D:5      | Noticed a two-headed ogre
  5058 | D:5      | Killed a two-headed ogre
  5059 | D:5      | Reached skill level 10 in Axes
  5364 | D:5      | Reached XP level 9. HP: 75/81 MP: 8/8
  5945 | D:3      | Bought an amulet of reflection for 300 gold pieces
  6188 | D:6      | Reached skill level 11 in Axes
  6387 | D:7      | Noticed a two-headed ogre
  6397 | D:7      | Slain by a two-headed ogre

Illustrated notes

Levels and vault maps discovered:
D:1:      dpeg_arrival_arbitrary_b, layout_basic, minmay_domino_4
D:2:      layout_basic, hellmonk_ecumenical_altar_lost_god,
          chequers_mini_garden, minmay_fractal_squares_gapless_5
D:3:      layout_basic, mainiacjoe_overflow_cross_hatched, serial_shops,
          nicolae_shop_hallway_plus, nicolae_diamond_shop, shop, shop_fountains,
          uniq_jessica, uniq_terence
D:4:      layout_basic, gup_ossuary_entry_pyramid, cheibrodos_sewer_entry_drain,
          minmay_misc_feat_diagonals, kennysheep_potato, uniq_robin, uniq_ijyb,
          uniq_duvessa
D:5:      layout_rooms, minmay_tree_intersection, roderic_batcave,
          chequers_serial_rivers_room_a
D:6:      layout_rooms
D:7:      layout_cave_pools, minmay_temple_entry_fiery, enter_bailey_5,
          dreamdust_mushroom_princess, nicolae_figureground_pulse, uniq_joseph

Skill      XL: |  1  2  3  4  5  6  7  8  9 |
---------------+----------------------------+-----
Axes           | 4 5 6 7 9 10 11 | 11.1
Fighting       | 4 5 6 7 8 |  8.2
Throwing       | 2 3 5 6 7 |  7.6
Evocations     | 2 3 |  3.5
Armour         | |  2.4
Dodging        | |  2.1

Action                   |  1- 3 |  4- 6 |  7- 9 || total
-------------------------+-------+-------+-------++-------
Melee: Hand axe          |    91 |    10 |       ||   101
       Headbutt          |    10 |    19 |    23 ||    52
       Battleaxe         |       |   127 |   198 ||   325
 Fire: Sling             |       |     2 |    52 ||    54
Throw: Dart              |       |     1 |       ||     1
Invok: Berserk           |       |     2 |     4 ||     6
       Trog's Hand       |       |     3 |     5 ||     8
Evoke: Wand              |       |     5 |     6 ||    11
  Use: Scroll            |     2 |     9 |    19 ||    30
       Potion            |       |       |     3 ||     3
Armor: Chain mail        |     8 |       |       ||     8
       Plate armour      |    38 |    91 |   207 ||   336
Dodge: Dodged            |    24 |    53 |   109 ||   186
Block: Other             |       |       |     2 ||     2

Table legend: (Time is in decaauts)
 A = Elapsed time spent in this place.
 B = Non-inter-level travel time spent in this place.
 C = Inter-level travel time spent in this place.
 D = Time resting spent in this place.
 E = Time spent auto-exploring this place.
 F = Levels seen in this place.
 G = Mean time per level.
                   A        B        C        D        E       F      G
               +--------+--------+--------+--------+--------+-----+--------+
         Total |   6731 |   6487 |    244 |    612 |   4019 |   9 |  747.9 |
       Dungeon |   5498 |   5254 |    244 |    608 |   3420 |   7 |  785.4 |
         Sewer |    932 |    932 |      0 |      4 |    554 |   1 |  932.0 |
       Ossuary |    300 |    300 |      0 |      0 |     45 |   1 |  300.0 |
               +--------+--------+--------+--------+--------+-----+--------+

Top non-repeatable levels by time:
     D:4: 1307 daAuts
     D:2: 1274 daAuts
   Sewer: 932 daAuts
     D:3: 931 daAuts
     D:1: 698 daAuts
     D:5: 652 daAuts
     D:6: 609 daAuts
 Ossuary: 300 daAuts
     D:7: 25 daAuts
